Vancouver Canucks vs Minnesota North Stars
Created - Thursday, April 11, 2024 at 07:44
Goals
|
| Vancouver Canucks |
0 |
2 |
2 |
4 |
| Minnesota North Stars |
0 |
0 |
1 |
1 |
|
Shots
|
| Vancouver Canucks |
17 |
8 |
13 |
38 |
| Minnesota North Stars |
5 |
13 |
18 |
36 |
|
1st period
No Goal
Penalties :
Rasmus Dahlin (MNS) for Tripping (Minor) at 0:14, Evgeni Malkin (MNS) for Tripping (Minor) at 4:02, Viktor Arvidsson (MNS) for Hooking (Minor) at 7:51, Jesperi Kotkaniemi (VAN) for Holding (Minor) at 17:17
2nd period
1. Vancouver Canucks , Noah Cates 6 (Miro Heiskanen 19, Artturi Lehkonen 20) at 4:07
2. Vancouver Canucks , Aleksander Barkov 13 (Mikko Rantanen 19) at 16:07
Penalties :
Jack Hughes (MNS) for Hooking (Minor) at 0:22, Robby Fabbri (VAN) for Hooking (Minor) at 12:00, Mikko Rantanen (VAN) for Hooking (Minor) at 16:30
3rd period
3. Minnesota North Stars , Evan Rodrigues 6 (Jack Hughes 21, Rasmus Dahlin 19) at 3:13
4. Vancouver Canucks , Artturi Lehkonen 15 (Jake Bean 5, Kasperi Kapanen 10) at 8:51
5. Vancouver Canucks , Casey Mittelstadt 12 (Jesperi Kotkaniemi 6, Adam Boqvist 7) at 9:26
Penalties :
Noah Hanifin (VAN) for Holding Stick (Minor) at 16:34
Goalie Stats
Joonas Korpisalo (VAN), 35 saves from 36 shots - (0.972), W, 11-12-1, 60:00 minutes
Antti Raanta (MNS), 34 saves from 38 shots - (0.895), L, 13-9-1, 60:00 minutes
Players Stats for Vancouver Canucks
Player Name G A P +/- PIM S H SB GA TA FO MP PP MP PK MP
------------------------------------------------------------------------------------
Adam Boqvist 0 1 1 2 0 1 0 2 0 0 0/0 23:16 3:54 3:37
Aleksander Barkov 1 0 1 1 0 7 2 0 0 0 13/25 21:31 4:16 4:19
Anton Lundell 0 0 0 1 0 0 0 0 0 1 0/0 6:32 0:00 0:00
Artturi Lehkonen 1 1 2 0 0 7 6 1 2 0 1/2 21:10 3:40 3:37
Casey Mittelstadt 1 0 1 1 0 3 2 0 0 0 4/7 14:56 3:40 0:00
Chad Ruhwedel 0 0 0 -1 0 0 0 2 0 0 0/0 21:43 3:54 4:11
Clayton Keller 0 0 0 1 0 5 2 0 0 0 0/4 21:30 4:16 3:37
Jacob Bryson 0 0 0 -1 0 0 0 1 0 0 0/0 12:12 0:00 0:48
Jake Bean 0 1 1 2 0 1 1 2 0 1 0/0 11:39 0:00 0:00
Jesperi Kotkaniemi 0 1 1 1 2 0 1 0 1 0 2/9 12:29 0:00 0:57
Kasperi Kapanen 0 1 1 0 0 0 2 0 0 0 0/1 16:46 3:40 0:00
Mikko Rantanen 0 1 1 1 2 3 5 2 2 1 2/3 20:33 4:16 3:22
Miro Heiskanen 0 1 1 2 0 1 1 0 2 0 0/0 27:15 4:02 4:19
Noah Cates 1 0 1 1 0 1 1 0 1 0 0/5 6:32 0:00 0:00
Noah Hanifin 0 0 0 2 2 4 2 1 0 2 0/0 23:57 4:02 2:57
Robby Fabbri 0 0 0 0 2 4 0 0 1 1 3/20 12:40 0:00 0:00
Sam Lafferty 0 0 0 1 0 1 1 0 0 0 0/0 6:32 0:00 0:00
Taylor Raddysh 0 0 0 1 0 0 2 0 0 0 0/1 10:47 0:00 0:00
Players Stats for Minnesota North Stars
Player Name G A P +/- PIM S H SB GA TA FO MP PP MP PK MP
------------------------------------------------------------------------------------
Adam Lowry 0 0 0 -1 0 0 1 0 1 0 2/7 10:11 0:00 3:41
Brandon Montour 0 0 0 -1 0 0 2 0 0 0 0/0 17:05 3:37 0:00
Brock Nelson 0 0 0 -1 0 1 2 0 0 0 0/1 15:13 3:12 0:00
Derick Brassard 0 0 0 -1 0 0 1 0 0 0 0/0 6:00 0:00 0:00
Evan Rodrigues 1 0 1 -1 0 1 0 3 0 0 1/1 13:56 0:00 0:00
Evgeni Malkin 0 0 0 0 2 2 1 0 1 0 16/20 11:58 0:00 0:03
Frank Vatrano 0 0 0 0 0 5 2 0 1 0 0/0 15:57 4:44 0:00
Gustav Forsling 0 0 0 -1 0 2 1 1 0 0 0/0 23:04 3:37 3:57
Jack Hughes 0 1 1 -1 2 5 2 1 0 1 10/17 17:46 3:12 0:17
Jamie Oleksiak 0 0 0 -1 0 1 2 1 0 4 0/0 17:52 0:00 3:59
Jeff Skinner 0 0 0 -1 0 5 1 0 0 0 0/0 16:02 3:12 0:21
Jonathan Toews 0 0 0 -1 0 3 1 1 0 0 3/5 10:03 0:00 3:55
Neal Pionk 0 0 0 -1 0 0 0 0 0 2 0/0 17:44 0:00 3:59
Rasmus Dahlin 0 1 1 -1 2 3 0 3 0 0 0/0 22:42 4:19 2:49
Ryan Nugent-Hopkins 0 0 0 -1 0 2 1 1 1 0 19/23 20:25 4:44 3:54
Sean Durzi 0 0 0 -1 0 0 0 0 1 2 0/0 21:40 4:19 1:08
Viktor Arvidsson 0 0 0 -1 2 6 2 0 0 0 0/2 14:14 0:00 0:00
Zach Parise 0 0 0 0 0 0 0 1 1 0 1/1 20:08 4:44 3:41
3 Stars
1 - Joonas Korpisalo (VAN)
2 - Artturi Lehkonen (VAN)
3 - Casey Mittelstadt (VAN)
Power Play
Vancouver Canucks - 0 on 4 Attempt(s) - 0.00%
Minnesota North Stars - 0 on 4 Attempt(s) - 0.00%
Penalty Kill
Vancouver Canucks - 4 on 4 Attempt(s) - 100.00%
- Score 0 goal in Penalty Kill
Minnesota North Stars - 4 on 4 Attempt(s) - 100.00%
- Score 0 goal in Penalty Kill
Team Stat
Vancouver Canucks - Hits : 28 - Faceoff Wins : 25 - Blocked Shots : 11 - Penalty Minutes : 8
Minnesota North Stars - Hits : 19 - Faceoff Wins : 52 - Blocked Shots : 12 - Penalty Minutes : 8
Official
Referees : Marc Joannette and Kendrick Nicholson
Linesman : Don Henderson and Lonnie Cameron
Game Notes
No Game Note
Finance
Level 1 -- Attendance: 4802 (80.03%) -- Ticket Income $480,200
Level 2 -- Attendance: 3715 (74.30%) -- Ticket Income $222,900
Level 3 -- Attendance: 2311 (77.03%) -- Ticket Income $80,885
Level 4 -- Attendance: 3756 (75.12%) -- Ticket Income $93,900
Luxury Box -- Attendance: 790 (79.00%) -- Ticket Income $158,000
Game was played at the Met Center.
Total Attendance: 15374 (76.87%)
Total Ticket Income: $1,035,885
Other Income: $362,560
Total Income: $1,398,445
Vancouver Canucks
5 vs 5 Forward
Center Left Wing Right Wing Time % Phy DF OF
1 Aleksander Barkov Clayton Keller Mikko Rantanen 30 1 2 2
2 Robby Fabbri Artturi Lehkonen Kasperi Kapanen 30 1 2 2
3 Jesperi Kotkaniemi Casey Mittelstadt Taylor Raddysh 25 1 2 2
4 Noah Cates Anton Lundell Sam Lafferty 15 1 2 2
5 vs 5 Defense
Defense Defense Time % Phy DF OF
1 Adam Boqvist Miro Heiskanen 30 1 2 2
2 Noah Hanifin Jake Bean 30 1 2 2
3 Chad Ruhwedel Jacob Bryson 25 1 2 2
4 Noah Hanifin Miro Heiskanen 15 1 2 2
PowerPlay Forward
Center Left Wing Right Wing Time % Phy DF OF
1 Aleksander Barkov Clayton Keller Mikko Rantanen 50 1 2 2
2 Casey Mittelstadt Artturi Lehkonen Kasperi Kapanen 50 1 2 2
PowerPlay Defense
Defense Defense Time % Phy DF OF
1 Noah Hanifin Miro Heiskanen 50 1 2 2
2 Chad Ruhwedel Adam Boqvist 50 1 2 2
Penalty Kill 4 Players Forward
Center Wing Time % Phy DF OF
1 Aleksander Barkov Mikko Rantanen 50 1 2 2
2 Clayton Keller Artturi Lehkonen 50 1 2 2
Penalty Kill 4 Players Defense
Defense Defense Time % Phy DF OF
1 Noah Hanifin Miro Heiskanen 50 1 2 2
2 Chad Ruhwedel Adam Boqvist 50 1 2 2
Penalty Kill - 3 Players Forward
Forward Time % Phy DF OF
1 Aleksander Barkov 50 1 2 2
2 Mikko Rantanen 50 1 2 2
Penalty Kill - 3 Players Defense
Defense Defense Time % Phy DF OF
1 Noah Hanifin Miro Heiskanen 50 1 2 2
2 Chad Ruhwedel Adam Boqvist 50 1 2 2
4 vs 4 Forward
Center Wing Time % Phy DF OF
1 Aleksander Barkov Mikko Rantanen 50 1 2 2
2 Clayton Keller Artturi Lehkonen 50 1 2 2
4 vs 4 Defense
Defense Defense Time % Phy DF OF
1 Noah Hanifin Miro Heiskanen 50 1 2 2
2 Chad Ruhwedel Adam Boqvist 50 1 2 2
Last Minutes Offensive
Center Left Wing Right Wing Defense Defense
Aleksander Barkov Clayton Keller Mikko Rantanen Noah Hanifin Miro Heiskanen
Last Minutes Defensive
Center Left Wing Right Wing Defense Defense
Aleksander Barkov Clayton Keller Mikko Rantanen Noah Hanifin Miro Heiskanen
Goaltenders
Starting : Joonas Korpisalo
Backup : Ville Husso
Extra Forwards
Normal : Taylor Raddysh, Anton Lundell, Jesperi Kotkaniemi - PP : Taylor Raddysh, Anton Lundell - PK : Jesperi Kotkaniemi
Extra Defensemen
Normal : Jake Bean, Jacob Bryson, Chad Ruhwedel - PP : Jake Bean - PK : Jacob Bryson, Chad Ruhwedel
Penalty Shots
Aleksander Barkov, Mikko Rantanen, Clayton Keller, Artturi Lehkonen, Casey Mittelstadt
Minnesota North Stars
5 vs 5 Forward
Center Left Wing Right Wing Time % Phy DF OF
1 Ryan Nugent-Hopkins Brock Nelson Jeff Skinner 29 1 2 2
2 Evgeni Malkin Frank Vatrano Zach Parise 29 1 1 3
3 Jack Hughes Evan Rodrigues Viktor Arvidsson 29 1 1 3
4 Adam Lowry Derick Brassard Jonathan Toews 13 1 2 2
5 vs 5 Defense
Defense Defense Time % Phy DF OF
1 Rasmus Dahlin Jamie Oleksiak 34 1 2 2
2 Brandon Montour Neal Pionk 33 1 2 2
3 Gustav Forsling Sean Durzi 33 1 2 2
4 Jamie Oleksiak Brandon Montour 0 1 2 2
PowerPlay Forward
Center Left Wing Right Wing Time % Phy DF OF
1 Ryan Nugent-Hopkins Frank Vatrano Zach Parise 50 1 1 3
2 Jack Hughes Brock Nelson Jeff Skinner 50 1 1 3
PowerPlay Defense
Defense Defense Time % Phy DF OF
1 Rasmus Dahlin Sean Durzi 50 1 2 2
2 Brandon Montour Gustav Forsling 50 1 2 2
Penalty Kill 4 Players Forward
Center Wing Time % Phy DF OF
1 Jonathan Toews Ryan Nugent-Hopkins 50 1 3 1
2 Adam Lowry Zach Parise 50 2 2 1
Penalty Kill 4 Players Defense
Defense Defense Time % Phy DF OF
1 Jamie Oleksiak Neal Pionk 50 1 3 1
2 Rasmus Dahlin Gustav Forsling 50 1 3 1
Penalty Kill - 3 Players Forward
Forward Time % Phy DF OF
1 Ryan Nugent-Hopkins 50 1 3 1
2 Jonathan Toews 50 1 3 1
Penalty Kill - 3 Players Defense
Defense Defense Time % Phy DF OF
1 Jamie Oleksiak Neal Pionk 50 1 3 1
2 Rasmus Dahlin Gustav Forsling 50 1 3 1
4 vs 4 Forward
Center Wing Time % Phy DF OF
1 Ryan Nugent-Hopkins Frank Vatrano 50 1 2 2
2 Jack Hughes Jeff Skinner 50 1 2 2
4 vs 4 Defense
Defense Defense Time % Phy DF OF
1 Rasmus Dahlin Jamie Oleksiak 50 1 3 1
2 Brandon Montour Neal Pionk 50 1 3 1
Last Minutes Offensive
Center Left Wing Right Wing Defense Defense
Ryan Nugent-Hopkins Brock Nelson Jeff Skinner Neal Pionk Brandon Montour
Last Minutes Defensive
Center Left Wing Right Wing Defense Defense
Jonathan Toews Ryan Nugent-Hopkins Adam Lowry Neal Pionk Brandon Montour
Goaltenders
Starting : Antti Raanta
Backup : Stuart Skinner
Extra Forwards
Normal : Adam Lowry, Viktor Arvidsson, Jonathan Toews - PP : Adam Lowry, Viktor Arvidsson - PK : Jonathan Toews
Extra Defensemen
Normal : Neal Pionk, Sean Durzi, Jamie Oleksiak - PP : Rasmus Dahlin - PK : Sean Durzi, Jamie Oleksiak
Penalty Shots
Ryan Nugent-Hopkins, Evgeni Malkin, Brock Nelson, Jeff Skinner, Viktor Arvidsson
% Time on Ice - Vancouver Canucks
Lines # - Real PCT - Wanted PCT - Time Play
Normal Forward
1 - 29% - 30% - 12:56
2 - 31% - 30% - 13:53
3 - 24% - 25% - 10:47
4 - 15% - 15% - 6:32
Normal Defense
1 - 32% - 30% - 14:13
2 - 31% - 30% - 13:50
3 - 26% - 25% - 11:24
4 - 11% - 15% - 4:41
PP Forward
1 - 54% - 50% - 4:16
2 - 46% - 50% - 3:40
PP Defense
1 - 51% - 50% - 4:02
2 - 49% - 50% - 3:54
PK Forward
1 - 54% - 50% - 4:19
2 - 46% - 50% - 3:37
PK Defense
1 - 54% - 50% - 4:19
2 - 46% - 50% - 3:37
PK3 Forward
1 - 0% - 50%
2 - 0% - 50%
PK3 Defense
1 - 0% - 50%
2 - 0% - 50%
44 Forward
1 - 0% - 50%
2 - 0% - 50%
44 Defense
1 - 0% - 50%
2 - 0% - 50%
Last Minute Offensive - 0:00
Last Minute Defensive - 0:00
Total
Forward - 60:00
Defense - 60:00
|
% Time on Ice - Minnesota North Stars
Lines # - Real PCT - Wanted PCT - Time Play
Normal Forward
1 - 27% - 29% - 12:04
2 - 27% - 29% - 12:08
3 - 32% - 29% - 13:56
4 - 14% - 13% - 6:00
Normal Defense
1 - 35% - 34% - 15:30
2 - 32% - 33% - 14:02
3 - 33% - 33% - 14:24
4 - 0% - 0% - 0:12
PP Forward
1 - 60% - 50% - 4:44
2 - 40% - 50% - 3:12
PP Defense
1 - 54% - 50% - 4:19
2 - 46% - 50% - 3:37
PK Forward
1 - 49% - 50% - 3:54
2 - 51% - 50% - 4:02
PK Defense
1 - 50% - 50% - 3:59
2 - 50% - 50% - 3:57
PK3 Forward
1 - 0% - 50%
2 - 0% - 50%
PK3 Defense
1 - 0% - 50%
2 - 0% - 50%
44 Forward
1 - 0% - 50%
2 - 0% - 50%
44 Defense
1 - 0% - 50%
2 - 0% - 50%
Last Minute Offensive - 0:00
Last Minute Defensive - 0:00
Total
Forward - 60:00
Defense - 60:00
|
Play-by-Play
1st period
0:01 of 1st period - Ryan Nugent-Hopkins wins face-off versus Aleksander Barkov in neutral zone.
0:12 of 1st period - Snap shot by Aleksander Barkov.
0:12 of 1st period - Stopped by Antti Raanta with a rebound.
0:14 of 1st period - Minor Penalty to Rasmus Dahlin for Tripping.
0:15 of 1st period - Mikko Rantanen wins face-off versus Jonathan Toews in Minnesota North Stars zone.
0:20 of 1st period - Wrist shot by Aleksander Barkov.
0:20 of 1st period - Stopped by Antti Raanta with a rebound.
0:22 of 1st period - Snap shot by Clayton Keller.
0:22 of 1st period - Stopped by Antti Raanta without a rebound.
0:23 of 1st period - Aleksander Barkov wins face-off versus Jonathan Toews in Minnesota North Stars zone.
1:00 of 1st period - Snap shot by Mikko Rantanen.
1:00 of 1st period - Shot Blocked by Jonathan Toews.
1:02 of 1st period - Backhand shot by Miro Heiskanen.
1:02 of 1st period - Shot Misses the Net.
1:04 of 1st period - Backhand shot by Noah Hanifin.
1:04 of 1st period - Stopped by Antti Raanta without a rebound.
1:05 of 1st period - Casey Mittelstadt wins face-off versus Adam Lowry in Minnesota North Stars zone.
1:08 of 1st period - Wrist shot by Artturi Lehkonen.
1:08 of 1st period - Stopped by Antti Raanta with a rebound.
1:10 of 1st period - Slapshot by Chad Ruhwedel.
1:10 of 1st period - Deflect By Artturi Lehkonen.
1:10 of 1st period - Stopped by Antti Raanta without a rebound.
1:11 of 1st period - Adam Lowry wins face-off versus Casey Mittelstadt in Minnesota North Stars zone.
2:04 of 1st period - Gustav Forsling is hit by Artturi Lehkonen and loses puck.
2:14 of 1st period - Penalty to Rasmus Dahlin is over, Rasmus Dahlin is back on ice.
2:33 of 1st period - Wrist shot by Viktor Arvidsson.
2:33 of 1st period - Shot Blocked by Chad Ruhwedel.
2:39 of 1st period - Slapshot by Viktor Arvidsson.
2:39 of 1st period - Stopped by Joonas Korpisalo with a rebound.
2:53 of 1st period - Jacob Bryson is hit by Brandon Montour and loses puck.
2:58 of 1st period - Snap shot by Ryan Nugent-Hopkins.
2:58 of 1st period - Shot Blocked by Chad Ruhwedel.
3:09 of 1st period - Off-side.
3:10 of 1st period - Evgeni Malkin wins face-off versus Robby Fabbri in neutral zone.
3:41 of 1st period - Wrist shot by Mikko Rantanen.
3:41 of 1st period - Stopped by Antti Raanta with a rebound.
3:43 of 1st period - Snap shot by Clayton Keller.
3:43 of 1st period - Stopped by Antti Raanta without a rebound.
3:44 of 1st period - Robby Fabbri wins face-off versus Adam Lowry in Minnesota North Stars zone.
3:53 of 1st period - Snap shot by Robby Fabbri.
3:53 of 1st period - Stopped by Antti Raanta with a rebound.
3:57 of 1st period - Wrist shot by Artturi Lehkonen.
3:57 of 1st period - Shot Misses the Net.
3:59 of 1st period - Slapshot by Jake Bean.
3:59 of 1st period - Stopped by Antti Raanta without a rebound.
4:00 of 1st period - Evgeni Malkin wins face-off versus Jesperi Kotkaniemi in Minnesota North Stars zone.
4:02 of 1st period - Minor Penalty to Evgeni Malkin for Tripping.
4:03 of 1st period - Casey Mittelstadt wins face-off versus Adam Lowry in Minnesota North Stars zone.
4:33 of 1st period - Gustav Forsling is hit by Mikko Rantanen and loses puck.
5:59 of 1st period - Icing by Kasperi Kapanen.
6:00 of 1st period - Jonathan Toews wins face-off versus Casey Mittelstadt in Vancouver Canucks zone.
6:02 of 1st period - Penalty to Evgeni Malkin is over, Evgeni Malkin is back on ice.
6:29 of 1st period - Snap shot by Artturi Lehkonen.
6:29 of 1st period - Stopped by Antti Raanta without a rebound.
6:30 of 1st period - Ryan Nugent-Hopkins wins face-off versus Noah Cates in Minnesota North Stars zone.
7:51 of 1st period - Minor Penalty to Viktor Arvidsson for Hooking.
7:52 of 1st period - Jonathan Toews wins face-off versus Mikko Rantanen in Minnesota North Stars zone.
7:52 of 1st period - Jonathan Toews is hit by Mikko Rantanen.
8:04 of 1st period - Off-side.
8:05 of 1st period - Aleksander Barkov wins face-off versus Adam Lowry in neutral zone.
8:10 of 1st period - Snap shot by Clayton Keller.
8:10 of 1st period - Shot Misses the Net.
9:33 of 1st period - Mikko Rantanen is hit by Adam Lowry and loses puck.
9:51 of 1st period - Penalty to Viktor Arvidsson is over, Viktor Arvidsson is back on ice.
10:06 of 1st period - Snap shot by Noah Cates.
10:06 of 1st period - Shot Blocked by Gustav Forsling.
10:08 of 1st period - Snap shot by Sam Lafferty.
10:08 of 1st period - Stopped by Antti Raanta without a rebound.
10:09 of 1st period - Ryan Nugent-Hopkins wins face-off versus Noah Cates in Minnesota North Stars zone.
10:39 of 1st period - Slapshot by Jack Hughes.
10:39 of 1st period - Shot Misses the Net.
10:58 of 1st period - Aleksander Barkov is hit by Jamie Oleksiak and loses puck.
12:15 of 1st period - Chad Ruhwedel is hit by Ryan Nugent-Hopkins and loses puck.
12:22 of 1st period - Slapshot by Ryan Nugent-Hopkins.
12:22 of 1st period - Shot Misses the Net.
12:34 of 1st period - Snap shot by Aleksander Barkov.
12:34 of 1st period - Shot Blocked by Ryan Nugent-Hopkins.
12:38 of 1st period - Slapshot by Aleksander Barkov.
12:38 of 1st period - Shot Misses the Net.
13:16 of 1st period - Wrist shot by Brock Nelson.
13:16 of 1st period - Shot Misses the Net.
13:31 of 1st period - Icing by Ryan Nugent-Hopkins.
13:32 of 1st period - Ryan Nugent-Hopkins wins face-off versus Robby Fabbri in Minnesota North Stars zone.
13:43 of 1st period - Wrist shot by Artturi Lehkonen.
13:43 of 1st period - Stopped by Antti Raanta without a rebound.
13:44 of 1st period - Evgeni Malkin wins face-off versus Robby Fabbri in Minnesota North Stars zone.
13:55 of 1st period - Wrist shot by Frank Vatrano.
13:55 of 1st period - Stopped by Joonas Korpisalo with a rebound.
13:57 of 1st period - Slapshot by Gustav Forsling.
13:57 of 1st period - Stopped by Joonas Korpisalo with a rebound.
13:59 of 1st period - Slapshot by Sean Durzi.
13:59 of 1st period - Shot Misses the Net.
14:01 of 1st period - Wrist shot by Sean Durzi.
14:01 of 1st period - Shot Blocked by Artturi Lehkonen.
14:13 of 1st period - Slapshot by Viktor Arvidsson.
14:13 of 1st period - Shot Misses the Net.
14:55 of 1st period - Off-side.
14:56 of 1st period - Artturi Lehkonen wins face-off versus Viktor Arvidsson in neutral zone.
14:58 of 1st period - Off-side.
14:59 of 1st period - Robby Fabbri wins face-off versus Jack Hughes in neutral zone.
15:02 of 1st period - Gustav Forsling is hit by Jake Bean and loses puck.
15:13 of 1st period - Sean Durzi is hit by Artturi Lehkonen and loses puck.
15:32 of 1st period - Snap shot by Frank Vatrano.
15:32 of 1st period - Shot Misses the Net.
15:46 of 1st period - Wrist shot by Jonathan Toews.
15:46 of 1st period - Stopped by Joonas Korpisalo without a rebound.
15:47 of 1st period - Adam Lowry wins face-off versus Aleksander Barkov in Vancouver Canucks zone.
16:04 of 1st period - Wrist shot by Mikko Rantanen.
16:04 of 1st period - Stopped by Antti Raanta without a rebound.
16:05 of 1st period - Evgeni Malkin wins face-off versus Robby Fabbri in Minnesota North Stars zone.
16:12 of 1st period - Snap shot by Frank Vatrano.
16:12 of 1st period - Stopped by Joonas Korpisalo without a rebound.
16:13 of 1st period - Evgeni Malkin wins face-off versus Robby Fabbri in Vancouver Canucks zone.
17:17 of 1st period - Minor Penalty to Jesperi Kotkaniemi for Holding.
17:18 of 1st period - Aleksander Barkov wins face-off versus Jack Hughes in Vancouver Canucks zone.
17:24 of 1st period - Gustav Forsling is hit by Mikko Rantanen and loses puck.
18:07 of 1st period - Icing by Sean Durzi.
18:08 of 1st period - Jack Hughes wins face-off versus Clayton Keller in Minnesota North Stars zone.
18:27 of 1st period - Snap shot by Ryan Nugent-Hopkins.
18:27 of 1st period - Shot Blocked by Mikko Rantanen.
19:17 of 1st period - Penalty to Jesperi Kotkaniemi is over, Jesperi Kotkaniemi is back on ice.
19:23 of 1st period - Wrist shot by Artturi Lehkonen.
19:23 of 1st period - Stopped by Antti Raanta with a rebound.
19:31 of 1st period - Snap shot by Clayton Keller.
19:31 of 1st period - Shot Misses the Net.
19:33 of 1st period - Snap shot by Clayton Keller.
19:33 of 1st period - Stopped by Antti Raanta with a rebound.
19:35 of 1st period - Slapshot by Adam Boqvist.
19:35 of 1st period - Deflect By Clayton Keller.
19:35 of 1st period - Stopped by Antti Raanta with a rebound.
Goals for this period are 0 for Vancouver Canucks vs 0 for Minnesota North Stars.
Shots for this period are 17 for Vancouver Canucks vs 5 for Minnesota North Stars.
2nd period
0:01 of 2nd period - Jesperi Kotkaniemi wins face-off versus Evgeni Malkin in neutral zone.
0:08 of 2nd period - Slapshot by Casey Mittelstadt.
0:08 of 2nd period - Shot Blocked by Zach Parise.
0:10 of 2nd period - Slapshot by Casey Mittelstadt.
0:10 of 2nd period - Stopped by Antti Raanta without a rebound.
0:11 of 2nd period - Jack Hughes wins face-off versus Robby Fabbri in Minnesota North Stars zone.
0:11 of 2nd period - Jack Hughes is hit by Artturi Lehkonen.
0:22 of 2nd period - Minor Penalty to Jack Hughes for Hooking.
0:23 of 2nd period - Jonathan Toews wins face-off versus Casey Mittelstadt in Minnesota North Stars zone.
0:27 of 2nd period - Snap shot by Ryan Nugent-Hopkins.
0:27 of 2nd period - Shot Blocked by Adam Boqvist.
1:41 of 2nd period - Adam Lowry is hit by Artturi Lehkonen and loses puck.
2:22 of 2nd period - Penalty to Jack Hughes is over, Jack Hughes is back on ice.
2:31 of 2nd period - Jeff Skinner is hit by Noah Hanifin.
2:41 of 2nd period - Slapshot by Jack Hughes.
2:41 of 2nd period - Stopped by Joonas Korpisalo without a rebound.
2:42 of 2nd period - Jack Hughes wins face-off versus Noah Cates in Vancouver Canucks zone.
2:51 of 2nd period - Slapshot by Viktor Arvidsson.
2:51 of 2nd period - Stopped by Joonas Korpisalo without a rebound.
2:52 of 2nd period - Evan Rodrigues wins face-off versus Noah Cates in Vancouver Canucks zone.
3:05 of 2nd period - Snap shot by Viktor Arvidsson.
3:05 of 2nd period - Stopped by Joonas Korpisalo without a rebound.
3:06 of 2nd period - Ryan Nugent-Hopkins wins face-off versus Aleksander Barkov in Vancouver Canucks zone.
3:33 of 2nd period - Frank Vatrano is hit by Jesperi Kotkaniemi and loses puck.
3:40 of 2nd period - Casey Mittelstadt is hit by Frank Vatrano and loses puck.
4:07 of 2nd period - Wrist shot by Noah Cates.
4:07 of 2nd period - Goal by Noah Cates - Vancouver Canucks : 1 - Minnesota North Stars : 0.
4:08 of 2nd period - Ryan Nugent-Hopkins wins face-off versus Robby Fabbri in neutral zone.
4:10 of 2nd period - Off-side.
4:11 of 2nd period - Ryan Nugent-Hopkins wins face-off versus Robby Fabbri in neutral zone.
4:44 of 2nd period - Slapshot by Frank Vatrano.
4:44 of 2nd period - Shot Misses the Net.
5:00 of 2nd period - Wrist shot by Jonathan Toews.
5:00 of 2nd period - Stopped by Joonas Korpisalo without a rebound.
5:01 of 2nd period - Casey Mittelstadt wins face-off versus Adam Lowry in Vancouver Canucks zone.
5:34 of 2nd period - Snap shot by Ryan Nugent-Hopkins.
5:34 of 2nd period - Deflect By Jeff Skinner.
5:34 of 2nd period - Stopped by Joonas Korpisalo without a rebound.
5:35 of 2nd period - Jesperi Kotkaniemi wins face-off versus Jack Hughes in Vancouver Canucks zone.
5:35 of 2nd period - Jesperi Kotkaniemi is hit by Gustav Forsling.
5:43 of 2nd period - Snap shot by Taylor Raddysh.
5:43 of 2nd period - Shot Misses the Net.
6:07 of 2nd period - Wrist shot by Jeff Skinner.
6:07 of 2nd period - Stopped by Joonas Korpisalo with a rebound.
6:42 of 2nd period - Icing by Zach Parise.
6:43 of 2nd period - Zach Parise wins face-off versus Noah Cates in Minnesota North Stars zone.
7:08 of 2nd period - Gustav Forsling is hit by Artturi Lehkonen and loses puck.
7:38 of 2nd period - Gustav Forsling is hit by Taylor Raddysh and loses puck.
7:59 of 2nd period - Noah Hanifin is hit by Frank Vatrano and loses puck.
9:08 of 2nd period - Casey Mittelstadt is hit by Jack Hughes and loses puck.
9:13 of 2nd period - Snap shot by Viktor Arvidsson.
9:13 of 2nd period - Stopped by Joonas Korpisalo with a rebound.
9:15 of 2nd period - Snap shot by Evan Rodrigues.
9:15 of 2nd period - Shot Misses the Net.
9:17 of 2nd period - Snap shot by Jack Hughes.
9:17 of 2nd period - Deflect By Evan Rodrigues.
9:17 of 2nd period - Shot Misses the Net.
9:17 of 2nd period - Puck is out of play.
9:18 of 2nd period - Aleksander Barkov wins face-off versus Evgeni Malkin in Vancouver Canucks zone.
9:23 of 2nd period - Slapshot by Aleksander Barkov.
9:23 of 2nd period - Stopped by Antti Raanta with a rebound.
9:25 of 2nd period - Wrist shot by Mikko Rantanen.
9:25 of 2nd period - Deflect By Aleksander Barkov.
9:25 of 2nd period - Shot Misses the Net.
9:25 of 2nd period - Puck is out of play.
9:26 of 2nd period - Evgeni Malkin wins face-off versus Aleksander Barkov in Minnesota North Stars zone.
9:43 of 2nd period - Neal Pionk is hit by Aleksander Barkov and loses puck.
10:14 of 2nd period - Icing by Frank Vatrano.
10:15 of 2nd period - Evgeni Malkin wins face-off versus Robby Fabbri in Minnesota North Stars zone.
10:15 of 2nd period - Evgeni Malkin is hit by Kasperi Kapanen.
11:00 of 2nd period - Snap shot by Evgeni Malkin.
11:00 of 2nd period - Shot Misses the Net.
11:02 of 2nd period - Wrist shot by Evgeni Malkin.
11:02 of 2nd period - Stopped by Joonas Korpisalo without a rebound.
11:03 of 2nd period - Ryan Nugent-Hopkins wins face-off versus Robby Fabbri in Vancouver Canucks zone.
11:08 of 2nd period - Backhand shot by Jeff Skinner.
11:08 of 2nd period - Stopped by Joonas Korpisalo without a rebound.
11:09 of 2nd period - Ryan Nugent-Hopkins wins face-off versus Kasperi Kapanen in Vancouver Canucks zone.
11:12 of 2nd period - Wrist shot by Ryan Nugent-Hopkins.
11:12 of 2nd period - Shot Blocked by Noah Hanifin.
11:20 of 2nd period - Snap shot by Artturi Lehkonen.
11:20 of 2nd period - Shot Misses the Net.
11:22 of 2nd period - Wrist shot by Robby Fabbri.
11:22 of 2nd period - Stopped by Antti Raanta with a rebound.
11:24 of 2nd period - Slapshot by Noah Hanifin.
11:24 of 2nd period - Stopped by Antti Raanta without a rebound.
11:25 of 2nd period - Jack Hughes wins face-off versus Jesperi Kotkaniemi in Minnesota North Stars zone.
11:25 of 2nd period - Jack Hughes is hit by Casey Mittelstadt.
11:52 of 2nd period - Adam Boqvist is hit by Jamie Oleksiak and loses puck.
12:00 of 2nd period - Minor Penalty to Robby Fabbri for Hooking.
12:01 of 2nd period - Ryan Nugent-Hopkins wins face-off versus Clayton Keller in Vancouver Canucks zone.
12:11 of 2nd period - Snap shot by Frank Vatrano.
12:11 of 2nd period - Shot Misses the Net.
12:48 of 2nd period - Off-side.
12:49 of 2nd period - Ryan Nugent-Hopkins wins face-off versus Clayton Keller in neutral zone.
13:03 of 2nd period - Slapshot by Frank Vatrano.
13:03 of 2nd period - Stopped by Joonas Korpisalo without a rebound.
13:04 of 2nd period - Aleksander Barkov wins face-off versus Jack Hughes in Vancouver Canucks zone.
13:32 of 2nd period - Aleksander Barkov is hit by Brandon Montour and loses puck.
14:00 of 2nd period - Penalty to Robby Fabbri is over, Robby Fabbri is back on ice.
14:11 of 2nd period - Casey Mittelstadt is hit by Jonathan Toews and loses puck.
14:51 of 2nd period - Snap shot by Jeff Skinner.
14:51 of 2nd period - Deflect By Ryan Nugent-Hopkins.
14:51 of 2nd period - Stopped by Joonas Korpisalo with a rebound.
15:08 of 2nd period - Snap shot by Casey Mittelstadt.
15:08 of 2nd period - Shot Misses the Net.
15:26 of 2nd period - Jamie Oleksiak is hit by Kasperi Kapanen and loses puck.
15:35 of 2nd period - Icing by Robby Fabbri.
15:36 of 2nd period - Jack Hughes wins face-off versus Robby Fabbri in Vancouver Canucks zone.
15:43 of 2nd period - Slapshot by Robby Fabbri.
15:43 of 2nd period - Shot Blocked by Evan Rodrigues.
15:45 of 2nd period - Backhand shot by Artturi Lehkonen.
15:45 of 2nd period - Deflect By Robby Fabbri.
15:45 of 2nd period - Stopped by Antti Raanta without a rebound.
15:46 of 2nd period - Aleksander Barkov wins face-off versus Jack Hughes in Minnesota North Stars zone.
15:47 of 2nd period - Snap shot by Mikko Rantanen.
15:47 of 2nd period - Shot Misses the Net.
15:49 of 2nd period - Slapshot by Noah Hanifin.
15:49 of 2nd period - Stopped by Antti Raanta without a rebound.
15:50 of 2nd period - Aleksander Barkov wins face-off versus Ryan Nugent-Hopkins in Minnesota North Stars zone.
16:07 of 2nd period - Snap shot by Aleksander Barkov.
16:07 of 2nd period - Goal by Aleksander Barkov - Vancouver Canucks : 2 - Minnesota North Stars : 0.
16:08 of 2nd period - Ryan Nugent-Hopkins wins face-off versus Aleksander Barkov in neutral zone.
16:11 of 2nd period - Noah Hanifin is hit by Brock Nelson and loses puck.
16:22 of 2nd period - Snap shot by Jeff Skinner.
16:22 of 2nd period - Shot Blocked by Mikko Rantanen.
16:24 of 2nd period - Wrist shot by Sean Durzi.
16:24 of 2nd period - Shot Misses the Net.
16:30 of 2nd period - Minor Penalty to Mikko Rantanen for Hooking.
16:31 of 2nd period - Ryan Nugent-Hopkins wins face-off versus Artturi Lehkonen in Vancouver Canucks zone.
16:58 of 2nd period - Snap shot by Aleksander Barkov.
16:58 of 2nd period - Shot Misses the Net.
17:01 of 2nd period - Icing by Sean Durzi.
17:02 of 2nd period - Ryan Nugent-Hopkins wins face-off versus Clayton Keller in Minnesota North Stars zone.
17:02 of 2nd period - Ryan Nugent-Hopkins is hit by Clayton Keller.
18:08 of 2nd period - Slapshot by Rasmus Dahlin.
18:08 of 2nd period - Stopped by Joonas Korpisalo without a rebound.
18:09 of 2nd period - Aleksander Barkov wins face-off versus Brock Nelson in Vancouver Canucks zone.
18:24 of 2nd period - Snap shot by Jeff Skinner.
18:24 of 2nd period - Deflect By Jack Hughes.
18:24 of 2nd period - Stopped by Joonas Korpisalo with a rebound.
18:30 of 2nd period - Penalty to Mikko Rantanen is over, Mikko Rantanen is back on ice.
19:02 of 2nd period - Chad Ruhwedel is hit by Jack Hughes and loses puck.
19:53 of 2nd period - Noah Hanifin is hit by Derick Brassard and loses puck.
Goals for this period are 2 for Vancouver Canucks vs 0 for Minnesota North Stars.
Shots for this period are 8 for Vancouver Canucks vs 13 for Minnesota North Stars.
3rd period
0:01 of 3rd period - Aleksander Barkov wins face-off versus Jack Hughes in neutral zone.
0:07 of 3rd period - Off-side.
0:08 of 3rd period - Aleksander Barkov wins face-off versus Jack Hughes in neutral zone.
0:16 of 3rd period - Gustav Forsling is hit by Mikko Rantanen and loses puck.
0:23 of 3rd period - Snap shot by Mikko Rantanen.
0:23 of 3rd period - Shot Misses the Net.
0:27 of 3rd period - Wrist shot by Mikko Rantanen.
0:27 of 3rd period - Shot Misses the Net.
0:29 of 3rd period - Snap shot by Aleksander Barkov.
0:29 of 3rd period - Stopped by Antti Raanta with a rebound.
0:31 of 3rd period - Slapshot by Adam Boqvist.
0:31 of 3rd period - Stopped by Antti Raanta without a rebound.
0:32 of 3rd period - Evgeni Malkin wins face-off versus Robby Fabbri in Minnesota North Stars zone.
0:59 of 3rd period - Chad Ruhwedel is hit by Viktor Arvidsson and loses puck.
1:08 of 3rd period - Slapshot by Viktor Arvidsson.
1:08 of 3rd period - Stopped by Joonas Korpisalo without a rebound.
1:09 of 3rd period - Ryan Nugent-Hopkins wins face-off versus Aleksander Barkov in Vancouver Canucks zone.
1:17 of 3rd period - Slapshot by Gustav Forsling.
1:17 of 3rd period - Stopped by Joonas Korpisalo with a rebound.
1:19 of 3rd period - Snap shot by Brock Nelson.
1:19 of 3rd period - Shot Misses the Net.
1:21 of 3rd period - Snap shot by Jeff Skinner.
1:21 of 3rd period - Stopped by Joonas Korpisalo without a rebound.
1:22 of 3rd period - Ryan Nugent-Hopkins wins face-off versus Taylor Raddysh in Vancouver Canucks zone.
1:47 of 3rd period - Robby Fabbri is hit by Evgeni Malkin and loses puck.
2:12 of 3rd period - Jack Hughes is hit by Aleksander Barkov.
2:20 of 3rd period - Snap shot by Aleksander Barkov.
2:20 of 3rd period - Stopped by Antti Raanta without a rebound.
2:21 of 3rd period - Casey Mittelstadt wins face-off versus Ryan Nugent-Hopkins in Minnesota North Stars zone.
2:48 of 3rd period - Evgeni Malkin is hit by Mikko Rantanen and loses puck.
2:55 of 3rd period - Snap shot by Mikko Rantanen.
2:55 of 3rd period - Stopped by Antti Raanta without a rebound.
2:56 of 3rd period - Robby Fabbri wins face-off versus Viktor Arvidsson in Minnesota North Stars zone.
3:11 of 3rd period - Slapshot by Jack Hughes.
3:11 of 3rd period - Stopped by Joonas Korpisalo with a rebound.
3:13 of 3rd period - Wrist shot by Evan Rodrigues.
3:13 of 3rd period - Goal by Evan Rodrigues - Vancouver Canucks : 2 - Minnesota North Stars : 1.
3:14 of 3rd period - Evgeni Malkin wins face-off versus Aleksander Barkov in neutral zone.
3:29 of 3rd period - Wrist shot by Frank Vatrano.
3:29 of 3rd period - Shot Misses the Net.
3:31 of 3rd period - Slapshot by Sean Durzi.
3:31 of 3rd period - Deflect By Evgeni Malkin.
3:31 of 3rd period - Shot Misses the Net.
3:31 of 3rd period - Puck is out of play.
3:32 of 3rd period - Ryan Nugent-Hopkins wins face-off versus Jesperi Kotkaniemi in Vancouver Canucks zone.
3:43 of 3rd period - Snap shot by Jeff Skinner.
3:43 of 3rd period - Shot Misses the Net.
3:45 of 3rd period - Wrist shot by Jeff Skinner.
3:45 of 3rd period - Stopped by Joonas Korpisalo without a rebound.
3:46 of 3rd period - Evgeni Malkin wins face-off versus Robby Fabbri in Vancouver Canucks zone.
3:57 of 3rd period - Slapshot by Noah Hanifin.
3:57 of 3rd period - Shot Misses the Net.
3:59 of 3rd period - Slapshot by Miro Heiskanen.
3:59 of 3rd period - Deflect By Evgeni Malkin.
3:59 of 3rd period - Stopped by Antti Raanta with a rebound.
4:11 of 3rd period - Wrist shot by Aleksander Barkov.
4:11 of 3rd period - Stopped by Antti Raanta with a rebound.
5:45 of 3rd period - Wrist shot by Ryan Nugent-Hopkins.
5:45 of 3rd period - Stopped by Joonas Korpisalo with a rebound.
6:25 of 3rd period - Evgeni Malkin is hit by Artturi Lehkonen.
6:58 of 3rd period - Icing by Jamie Oleksiak.
6:59 of 3rd period - Ryan Nugent-Hopkins wins face-off versus Aleksander Barkov in Minnesota North Stars zone.
7:04 of 3rd period - Snap shot by Clayton Keller.
7:04 of 3rd period - Shot Blocked by Jamie Oleksiak.
7:06 of 3rd period - Snap shot by Noah Hanifin.
7:06 of 3rd period - Stopped by Antti Raanta with a rebound.
7:08 of 3rd period - Snap shot by Clayton Keller.
7:08 of 3rd period - Stopped by Antti Raanta without a rebound.
7:09 of 3rd period - Jack Hughes wins face-off versus Robby Fabbri in Minnesota North Stars zone.
8:24 of 3rd period - Wrist shot by Jack Hughes.
8:24 of 3rd period - Shot Blocked by Jake Bean.
8:37 of 3rd period - Backhand shot by Gustav Forsling.
8:37 of 3rd period - Shot Blocked by Jake Bean.
8:47 of 3rd period - Snap shot by Artturi Lehkonen.
8:47 of 3rd period - Stopped by Antti Raanta with a rebound.
8:49 of 3rd period - Slapshot by Jake Bean.
8:49 of 3rd period - Shot Misses the Net.
8:51 of 3rd period - Wrist shot by Artturi Lehkonen.
8:51 of 3rd period - Goal by Artturi Lehkonen - Vancouver Canucks : 3 - Minnesota North Stars : 1.
8:52 of 3rd period - Mikko Rantanen wins face-off versus Evgeni Malkin in neutral zone.
8:59 of 3rd period - Slapshot by Evgeni Malkin.
8:59 of 3rd period - Stopped by Joonas Korpisalo with a rebound.
9:26 of 3rd period - Wrist shot by Casey Mittelstadt.
9:26 of 3rd period - Goal by Casey Mittelstadt - Vancouver Canucks : 4 - Minnesota North Stars : 1.
9:27 of 3rd period - Aleksander Barkov wins face-off versus Ryan Nugent-Hopkins in neutral zone.
10:07 of 3rd period - Brock Nelson is hit by Sam Lafferty and loses puck.
10:18 of 3rd period - Brandon Montour is hit by Casey Mittelstadt.
10:28 of 3rd period - Chad Ruhwedel is hit by Brock Nelson and loses puck.
10:33 of 3rd period - Slapshot by Ryan Nugent-Hopkins.
10:33 of 3rd period - Shot Blocked by Jacob Bryson.
10:37 of 3rd period - Wrist shot by Brock Nelson.
10:37 of 3rd period - Stopped by Joonas Korpisalo with a rebound.
10:39 of 3rd period - Slapshot by Rasmus Dahlin.
10:39 of 3rd period - Stopped by Joonas Korpisalo without a rebound.
10:40 of 3rd period - Evgeni Malkin wins face-off versus Aleksander Barkov in Vancouver Canucks zone.
10:43 of 3rd period - Snap shot by Frank Vatrano.
10:43 of 3rd period - Shot Misses the Net.
10:45 of 3rd period - Slapshot by Frank Vatrano.
10:45 of 3rd period - Deflect By Evgeni Malkin.
10:45 of 3rd period - Shot Misses the Net.
10:45 of 3rd period - Puck is out of play.
10:46 of 3rd period - Evgeni Malkin wins face-off versus Aleksander Barkov in Vancouver Canucks zone.
11:08 of 3rd period - Sean Durzi is hit by Clayton Keller and loses puck.
11:14 of 3rd period - Off-side.
11:15 of 3rd period - Jack Hughes wins face-off versus Jesperi Kotkaniemi in neutral zone.
11:30 of 3rd period - Snap shot by Viktor Arvidsson.
11:30 of 3rd period - Stopped by Joonas Korpisalo with a rebound.
11:32 of 3rd period - Wrist shot by Jamie Oleksiak.
11:32 of 3rd period - Stopped by Joonas Korpisalo without a rebound.
11:33 of 3rd period - Evgeni Malkin wins face-off versus Aleksander Barkov in Vancouver Canucks zone.
11:36 of 3rd period - Snap shot by Frank Vatrano.
11:36 of 3rd period - Stopped by Joonas Korpisalo without a rebound.
11:37 of 3rd period - Aleksander Barkov wins face-off versus Evgeni Malkin in Vancouver Canucks zone.
11:46 of 3rd period - Neal Pionk is hit by Noah Hanifin.
12:30 of 3rd period - Snap shot by Jack Hughes.
12:30 of 3rd period - Stopped by Joonas Korpisalo without a rebound.
12:31 of 3rd period - Jack Hughes wins face-off versus Robby Fabbri in Vancouver Canucks zone.
12:42 of 3rd period - Wrist shot by Jack Hughes.
12:42 of 3rd period - Stopped by Joonas Korpisalo without a rebound.
12:43 of 3rd period - Evgeni Malkin wins face-off versus Jesperi Kotkaniemi in Vancouver Canucks zone.
12:44 of 3rd period - Slapshot by Frank Vatrano.
12:44 of 3rd period - Shot Misses the Net.
13:27 of 3rd period - Off-side.
13:28 of 3rd period - Jack Hughes wins face-off versus Robby Fabbri in neutral zone.
14:20 of 3rd period - Wrist shot by Anton Lundell.
14:20 of 3rd period - Shot Misses the Net.
14:44 of 3rd period - Slapshot by Adam Lowry.
14:44 of 3rd period - Shot Misses the Net.
14:55 of 3rd period - Off-side.
14:56 of 3rd period - Jack Hughes wins face-off versus Robby Fabbri in neutral zone.
15:13 of 3rd period - Slapshot by Rasmus Dahlin.
15:13 of 3rd period - Stopped by Joonas Korpisalo with a rebound.
15:49 of 3rd period - Snap shot by Kasperi Kapanen.
15:49 of 3rd period - Shot Blocked by Jack Hughes.
15:51 of 3rd period - Wrist shot by Miro Heiskanen.
15:51 of 3rd period - Shot Misses the Net.
15:53 of 3rd period - Slapshot by Robby Fabbri.
15:53 of 3rd period - Shot Blocked by Rasmus Dahlin.
15:55 of 3rd period - Slapshot by Kasperi Kapanen.
15:55 of 3rd period - Shot Blocked by Rasmus Dahlin.
16:11 of 3rd period - Slapshot by Kasperi Kapanen.
16:11 of 3rd period - Shot Blocked by Evan Rodrigues.
16:13 of 3rd period - Snap shot by Robby Fabbri.
16:13 of 3rd period - Stopped by Antti Raanta with a rebound.
16:15 of 3rd period - Wrist shot by Kasperi Kapanen.
16:15 of 3rd period - Shot Blocked by Evan Rodrigues.
16:17 of 3rd period - Snap shot by Kasperi Kapanen.
16:17 of 3rd period - Deflect By Rasmus Dahlin.
16:17 of 3rd period - Shot Blocked by Rasmus Dahlin.
16:17 of 3rd period - Puck is out of play.
16:18 of 3rd period - Evgeni Malkin wins face-off versus Jesperi Kotkaniemi in Minnesota North Stars zone.
16:34 of 3rd period - Minor Penalty to Noah Hanifin for Holding Stick.
16:35 of 3rd period - Aleksander Barkov wins face-off versus Ryan Nugent-Hopkins in Vancouver Canucks zone.
16:47 of 3rd period - Snap shot by Frank Vatrano.
16:47 of 3rd period - Stopped by Joonas Korpisalo without a rebound.
16:48 of 3rd period - Ryan Nugent-Hopkins wins face-off versus Aleksander Barkov in Vancouver Canucks zone.
17:05 of 3rd period - Snap shot by Ryan Nugent-Hopkins.
17:05 of 3rd period - Shot Blocked by Adam Boqvist.
17:15 of 3rd period - Aleksander Barkov is hit by Jeff Skinner.
17:27 of 3rd period - Brandon Montour is hit by Miro Heiskanen.
18:34 of 3rd period - Penalty to Noah Hanifin is over, Noah Hanifin is back on ice.
18:44 of 3rd period - Slapshot by Casey Mittelstadt.
18:44 of 3rd period - Stopped by Antti Raanta with a rebound.
19:09 of 3rd period - Wrist shot by Jonathan Toews.
19:09 of 3rd period - Stopped by Joonas Korpisalo without a rebound.
19:10 of 3rd period - Evgeni Malkin wins face-off versus Jesperi Kotkaniemi in Vancouver Canucks zone.
19:23 of 3rd period - Zach Parise is hit by Taylor Raddysh and loses puck.
19:36 of 3rd period - Brock Nelson is hit by Noah Cates.
19:52 of 3rd period - Clayton Keller is hit by Viktor Arvidsson and loses puck.
19:57 of 3rd period - Snap shot by Viktor Arvidsson.
19:57 of 3rd period - Shot Misses the Net.
Goals for this period are 2 for Vancouver Canucks vs 1 for Minnesota North Stars.
Shots for this period are 13 for Vancouver Canucks vs 18 for Minnesota North Stars.
Back to the Top